 Dungeon Crawl Stone Soup version 0.29.1-2-gbd0b4ee654 (webtiles) character file.

Game seed: 17210818746074555899

112483 Icepheonix32 the Carver (level 16, -13/146 HPs)
             Began as a Minotaur Fighter on Oct 24, 2022.
             Was the Champion of Okawaru.
             Killed from afar by a frost giant (79 damage)
             ... with a bolt of cold
             ... on level 1 of the Depths.
             The game lasted 00:58:00 (24599 turns).

Icepheonix32 the Carver (Minotaur Fighter)         Turns: 24599, Time: 00:58:01

Health: -13/146    AC: 31    Str: 38    XL:     16   Next: 11%
Magic:  33/33      EV: 13    Int:  6    God:    Okawaru [******]
Gold:   1358       SH: 18    Dex: 10    Spells: 15/15 levels left

rFire   + + .      SeeInvis +   a - +7 long sword "Loplow" {spect, rF+ rC- MP+9 Str+4}
rCold   x x .      Faith    .   L - +1 kite shield {AC+3}
rNeg    + . .      Spirit   .   R - +9 ring mail "Zeis" {Regen+}
rPois   .          Reflect  +   U - +1 hat of Fawnof {rElec}
rElec   +          Harm     .   n - +2 cloak
rCorr   .          Rampage  .   z - +2 pair of gloves "Qeetak" {rN+ Regen+ SInv}
Will    +....                   b - +2 pair of boots
Stlth   ++........              j - amulet of reflection
HPRegen 1.94/turn               k - ring of Contentment {Fire Str+5 Int-5}
MPRegen 0.23/turn               X - +6 ring of strength

@: no status effects
A: horns 2, retaliatory headbutt, sense surroundings 1, MP-powered wands
a: Renounce Religion, Heroism, Finesse, Duel


You were on level 1 of the Depths.
You worshipped Okawaru.
Okawaru was exalted by your worship.
You visited 4 branches of the dungeon, and saw 23 of its levels.

You collected 2505 gold pieces.
You spent 1147 gold pieces at shops.

Inventory:

Hand Weapons
 a - the +7 long sword "Loplow" (weapon) {spect, rF+ rC- MP+9 Str+4}
   (Okawaru gifted it to you on level 11 of the Dungeon)

   When its wielder attacks, the weapon's spirit leaps out and strikes again.
   The spirit shares a part of any damage it takes with its wielder.
   Str:       It affects your strength (+4).
   rF:        It protects you from fire.
   rC:        It makes you vulnerable to cold.
   MP:        It affects your magic capacity (+9).
 p - a +5 great sword of holy wrath
 t - a +8 falchion of draining
 C - a +5 falchion of draining
 N - a +2 scimitar of flaming
Missiles
 E - 4 silver boomerangs (quivered)
 J - 10 javelins
 K - 28 boomerangs
 S - 3 curare-tipped darts
 Z - 2 silver javelins
Armour
 b - a +2 pair of boots (worn)
 n - a +2 cloak (worn)
 r - a +2 ring mail of fire resistance
 z - the +2 pair of gloves "Qeetak" (worn) {rN+ Regen+ SInv}
   (Okawaru gifted it to you on level 11 of the Dungeon)

   rN:        It protects you from negative energy.
   SInv:      It lets you see invisible.
   Regen:     It increases your rate of health regeneration.
 B - a scarf of invisibility
 L - a +1 kite shield of protection (worn)
 M - the +5 ring mail of the Sun {rN++ SInv}
   (Okawaru gifted it to you on level 1 of the Depths)

   rN:        It greatly protects you from negative energy.
   SInv:      It lets you see invisible.
 Q - +0 swamp dragon scales
 R - the +9 ring mail "Zeis" (worn) {Regen+}
   (You found it on level 15 of the Dungeon)

   Regen:     It increases your rate of health regeneration.
 U - the +1 hat of Fawnof (worn) {rElec}
   (Okawaru gifted it to you on level 2 of the Lair of Beasts)

   rElec:     It insulates you from electricity.
Jewellery
 j - an amulet of reflection (around neck)
 k - the ring of Contentment (left hand) {Fire Str+5 Int-5}
   (You found it on level 2 of the Dungeon)

   [ring of fire]

   It enhances your fire magic.
   Str:       It affects your strength (+5).
   Int:       It affects your intelligence (-5).
   rF:        It protects you from fire.
   rC:        It makes you vulnerable to cold.
 s - a ring of willpower
 y - a ring of resist corrosion
 X - a +6 ring of strength (right hand)
Wands
 h - a wand of mindburst (13)
 m - a wand of iceblast (13)
 v - a wand of flame (42)
 A - a wand of polymorph (8)
 F - a wand of digging (3)
 H - a wand of light (8)
Scrolls
 c - 3 scrolls of teleportation
 e - 2 scrolls of fog
 f - 4 scrolls of identify
 x - a scroll of blinking
 D - 4 scrolls of fear
 I - a scroll of immolation
 O - 2 scrolls of magic mapping
 W - 2 scrolls of poison
Potions
 d - 2 potions of might
 g - 7 potions of flight
 i - 8 potions of curing
 l - 4 potions of heal wounds
 o - a potion of invisibility
 q - 6 potions of lignification
 u - 5 potions of haste
 w - a potion of resistance
 G - 2 potions of brilliance
 P - 2 potions of magic
 T - a potion of ambrosia
 Y - a potion of cancellation
Miscellaneous
 V - a tin of tremorstones (1/2)


   Skills:
 + Level 14.1 Fighting
 - Level 3.3(9.4) Short Blades
 + Level 14.7(14.9) Long Blades
 - Level 3.1 Axes
 + Level 2.0 Throwing
 + Level 11.1 Armour
 + Level 9.8 Dodging
 + Level 6.0 Stealth
 + Level 14.6 Shields
 * Level 12.4 Invocations
 + Level 9.0 Evocations


You had 15 spell levels left.
You didn't know any spells.
Your spell library contained the following spells:

 Spells                   Type           Power      Damage    Failure   Level
 Foxfire                  Conj/Fire      0%         2x1d4     75%         1
 Freeze                   Ice            0%         1d3       75%         1
 Magic Dart               Conj           0%         1d3       75%         1
 Necrotise                Necr           0%         1d4       75%         1
 Sandblast                Erth           0%         2d4       75%         1
 Sting                    Tmut/Pois      0%         1d3       75%         1
 Blink                    Tloc           0%         N/A       86%         2
 Ensorcelled Hibernation  Hex/Ice        0%         N/A       86%         2
 Passwall                 Tmut/Erth      0%         N/A       86%         2
 Poisonous Vapours        Pois/Air       0%         N/A       86%         2
 Static Discharge         Conj/Air       0%         3-3/arc   86%         2
 Conjure Flame            Conj/Fire      0%         6-21      98%         3
 Frozen Ramparts          Ice            0%         1d1       98%         3
 Inner Flame              Hex/Fire       0%         N/A       98%         3
 Portal Projectile        Hex/Tloc       0%         N/A       98%         3
 Swiftness                Air            0%         N/A       98%         3
 Vampiric Draining        Necr           0%         2d6       98%         3
 Airstrike                Air            0%         2d(0-16)  100%        4
 Dispel Undead            Necr           0%         3d6       100%        4
 Flame Wave               Conj/Fire      0%         2d4       100%        4
 Ice Form                 Ice/Tmut       0%         N/A       100%        4
 Leda's Liquefaction      Hex/Erth       0%         N/A       100%        4
 Olgreb's Toxic Radiance  Pois           0%         N/A       100%        4
 Sticky Flame             Conj/Fire      0%         2d3       100%        4
 Agony                    Necr           0%         N/A       100%        5
 Lightning Bolt           Conj/Air       0%         1d11      100%        5
 Manifold Assault         Tloc           0%         N/A       100%        5
 Iron Shot                Conj/Erth      0%         9d1       100%        6
 Orb of Destruction       Conj           0%         9d5       100%        7
 Storm Form               Tmut/Air       0%         N/A       100%        7
 Call Canine Familiar     Summ           Unusable   N/A       N/A         3
 Summon Guardian Golem    Hex/Summ       Unusable   N/A       N/A         3
 Summon Ice Beast         Ice/Summ       Unusable   N/A       N/A         4
 Summon Lightning Spire   Summ/Air       Unusable   N/A       N/A         4
 Spellforged Servitor     Conj/Summ      Unusable   N/A       N/A         7

Dungeon Overview and Level Annotations

Branches:
Dungeon (15/15)            Temple (0/1) D:7            Lair (5/5) D:9
 Shoals (0/4) Lair:3        Snake (0/4) Lair:2        Slime (0/5) Lair:4
    Orc (2/2) D:11            Elf (0/3) Orc:2        Vaults (0/5) D:14
 Depths (1/4) D:15

Altars:
Ashenzari
Gozag
Hepliaklqana
Kikubaaqudgha
Makhleb
Okawaru
Qazlal
Ru
Sif Muna
Trog
Uskayaw
Vehumet
Xom
Yredelemnul
Jiyva

Shops:
D:7 !   D:15 [   Orc:1 (   Orc:2 ![((

Portals:
Pandemonium: Depths:1
Ziggurat: Depths:1
Trove: D:13 (give +3 shadow dragon scales)

Annotations:
Depths:1 1 runed translucent door


Innate Abilities, Weirdness & Mutations

You have a pair of horns on your head.
You reflexively headbutt those who attack you in melee.
You passively map a small area around you.
You expend magic power (3 MP) to strengthen your wands.


Message History

Things that are here:
the +5 ring mail of the Sun {rN++ SInv}; a sphinx corpse You drop +0 acid dragon scales.
Things that are here:
the +5 ring mail of the Sun {rN++ SInv}; a sphinx corpse
M - the +5 ring mail of the Sun {rN++ SInv} HP restored.
Found a stone staircase leading down.
There is a stone staircase leading down here.
You open the door.
Found a one-way gateway to a ziggurat.
Found a potion of lignification.
There is an open door here.
A frost giant comes into view.
It is wielding a +1 battleaxe of freezing.
You feel like a meek peon again.
The frost giant shouts!
The frost giant gestures at you while chanting.
The bolt of cold hits you!!!
You feel a terrible chill!
You feel much better. You block the frost giant's attack.
You completely miss the frost giant.
Your +7 long sword "Loplow" {spect, rF+ rC- MP+9 Str+4} hits the frost giant!
You slash the frost giant! Your headbutt misses the frost giant.
The frost giant is lightly wounded.
Your +7 long sword "Loplow" {spect, rF+ rC- MP+9 Str+4} barely misses the frost giant.
The frost giant casts a spell at you. The bolt of cold hits you!!!
You feel a terrible chill!
Unknown command.
You are too injured to fight recklessly!
Unknown command.
Hit: a) +7 long sword "Loplow" {spect, rF+ rC- MP+9 Str+4}
Press: ? - help, Dir - move target, f - frost giant
Aim: a frost giant, wielding a +1 battleaxe of freezing (lightly wounded, about 10% to evade the +7 long sword "Loplow")
You hit the frost giant.
The frost giant is moderately wounded.
Your +7 long sword "Loplow" {spect, rF+ rC- MP+9 Str+4} hits the frost giant.
The frost giant points at you and mumbles some strange words.
The bolt of cold hits you!!!!
You feel a terrible chill!
Ouch! That really hurt!
You die...

....#### ##..##.##..##
#.### #..##.∩.##..# ..#
##..##!##..## ####
##..###..## * ...#######
##..#..## ,
...'.....#####...##
...#####.........#######
, ...#
########.(C.....#, , *
...# ##@#####...... ...#
#.# #..C. ...# #.# #.#
...# #.# ,# #### #.# #
#.# # * #.# . *, #.# **
. , #.#


You could see a frost giant and a friendly +7 long sword "Loplow" {spect, rF+
rC- MP+9 Str+4} (summoned).

Vanquished Creatures
  Rupert (D:13)
  A sphinx (Depths:1)
  A frost giant (D:15)
  A broodmother (Lair:5)
  A dire elephant (Lair:5)
  The ghost of funnyparkerb the Thaumaturge, a journeyman DjFE of Ashenzari (Lair:1)
  2 ettins (Depths:1)
  Josephine (Lair:4)
  4 vault guards
  Erolcha (D:9)
  5 boulder beetles
  4 catoblepae
  11 hydras
  Erica (D:10)
  4 centaur warriors
  2 two-headed ogres
  A deep troll shaman (Lair:5)
  12 death yaks (Lair:5)
  3 tengu warriors
  A spriggan berserker (Depths:1)
  6 orc high priests
  Nergalle (Lair:1)
  Lodul (D:12)
  A wizard (Depths:1)
  10 orc knights
  4 deep elf pyromancers
  A necromancer (D:15)
  A lindwurm (Lair:5)
  Pikel (D:5)
  An oklob plant (Lair:2)
  10 ugly things
  4 orc sorcerers
  2 manticores
  7 slime creatures
  4 cyclopes
  25 elephants
  2 naga magi (D:15)
  5 black mambas
  2 gargoyles
  A torpor snail (Lair:5)
  A tengu conjurer (D:14)
  Maggie (Lair:1)
  7 cane toads
  2 centaur skeletons (D:15)
  5 komodo dragons
  2 kobold demonologists (D:12)
  2 unseen horrors (D:11)
  A freezing wraith (D:14)
  A redback zombie (D:15)
  3 polar bears
  9 trolls
  The ghost of om the Chopper, an amateur DsGl (D:5)
  3 meliai (D:14)
  2 hornets
  14 blink frogs
  7 dream sheep (Lair:4)
  Grinder (D:5)
  A centaur simulacrum (D:15)
  5 wyverns
  A vampire (D:11)
  7 wraiths
  67 yaks
  Eustachio (D:5)
  A basilisk (Lair:3)
  Grum (D:11)
  A steam dragon (D:8)
  5 wargs
  3 acid dragons
  24 water moccasins
  Duvessa (D:7)
  6 black bears
  39 orc warriors
  2 ice beasts
  26 wolves
  17 ogres
  A phantom (D:4)
  6 centaurs
  A lemure (D:5)
  3 kobold brigands
  15 bullfrogs
  2 gnoll sergeants
  A scorpion (Lair:2)
  14 wights
  Dowan (D:7)
  6 killer bees (D:9)
  3 howler monkeys
  14 jellies
  Crazy Yiuf (D:2)
  A gnoll bouda (D:6)
  34 orc priests
  2 hounds
  4 iguanas
  23 orc wizards
  A boggart skeleton (D:15)
  12 gnolls
  4 adders
  A shadow imp (D:7)
  3 white imps
  2 ufetubi
  2 worms
  5 dart slugs
  89 orcs
  6 ball pythons
  3 bats
  8 endoplasms
  2 giant cockroaches
  2 goblins
  8 hobgoblins
  5 jackals
  3 quokkas
  3 frilled lizards
  11 kobolds
  5 rats
724 creatures vanquished.

Vanquished Creatures (others)
  35 fungi
  54 plants
  2 withered plants (D:5)
91 creatures vanquished.

Grand Total: 815 creatures vanquished

Notes
Turn   | Place    | Note
-------+----------+-------------------------------------------
     0 | D:1      | Icepheonix32 the Minotaur Fighter began the quest for the
                  | Orb.
     0 | D:1      | Reached XP level 1. HP: 19/19 MP: 0/0
   175 | D:1      | Reached XP level 2. HP: 27/27 MP: 1/1
   864 | D:2      | Reached XP level 3. HP: 34/34 MP: 2/2
   874 | D:2      | Reached skill level 1 in Dodging
  1255 | D:2      | Identified the ring of Contentment {Fire Str+5 Int-5}
  1613 | D:2      | Found a runed translucent door.
  1614 | D:2      | Noticed Crazy Yiuf
  1776 | D:2      | Killed Crazy Yiuf
  1777 | D:2      | Reached XP level 4. HP: 41/41 MP: 3/3
  1906 | D:3      | Reached skill level 5 in Fighting
  1971 | D:3      | Found an iron altar of Okawaru.
  2045 | D:3      | Became a worshipper of Warmaster Okawaru
  2136 | D:3      | Found a broken altar of Ashenzari.
  2429 | D:3      | Found a hide-covered altar of Uskayaw.
  2438 | D:3      | Found a basalt altar of Yredelemnul.
  2439 | D:3      | Found an opulent altar of Gozag.
  2445 | D:3      | Found a hazy altar of Hepliaklqana.
  2691 | D:4      | Noticed a phantom
  2703 | D:4      | Killed a phantom
  2704 | D:4      | Reached XP level 5. HP: 41/48 MP: 4/4
  2757 | D:4      | Reached skill level 5 in Armour
  2844 | D:4      | Noticed an ogre
  2855 | D:4      | Killed an ogre
  2856 | D:4      | Reached skill level 1 in Short Blades
  2856 | D:4      | Reached XP level 6. HP: 49/56 MP: 5/5
  2978 | D:4      | Reached * piety under Okawaru
  2979 | D:4      | Reached skill level 1 in Invocations
  3245 | D:5      | Entered Level 5 of the Dungeon
  3246 | D:5      | Noticed Pikel
  3255 | D:5      | Killed Pikel
  3255 | D:5      | Reached ** piety under Okawaru
  3256 | D:5      | Reached skill level 1 in Stealth
  3256 | D:5      | Reached XP level 7. HP: 63/63 MP: 5/7
  3264 | D:5      | Reached skill level 5 in Shields
  3724 | D:5      | Found a runed translucent door.
  3725 | D:5      | Noticed om's ghost (amateur DsGl)
  3785 | D:5      | Noticed Eustachio
  3795 | D:5      | Reached XP level 8. HP: 63/71 MP: 8/8
  3798 | D:5      | Killed Eustachio
  3799 | D:5      | Reached skill level 1 in Evocations
  3881 | D:5      | Noticed Grinder
  3891 | D:5      | Killed Grinder
  3975 | D:5      | Found an ancient bone altar of Kikubaaqudgha.
  3981 | D:5      | Found a shimmering blue altar of Sif Muna.
  3984 | D:5      | Found a radiant altar of Vehumet.
  3988 | D:5      | Identified the +0 leather armour "Zuokh" {rN+}
  3998 | D:5      | Got Vehumet's Exposition on Battle Magic
  4217 | D:5      | Killed om's ghost
  4218 | D:5      | Reached skill level 1 in Long Blades
  4279 | D:6      | Reached *** piety under Okawaru
  4516 | D:6      | Reached XP level 9. HP: 79/79 MP: 11/11
  5281 | D:6      | Found a shimmering altar of Xom.
  5545 | D:7      | Found a burning altar of Makhleb.
  5777 | D:7      | Noticed Duvessa
  5778 | D:7      | Noticed Dowan
  5790 | D:7      | Killed Duvessa
  5803 | D:7      | Killed Dowan
  5873 | D:7      | Found Finig's Distillery.
  5879 | D:7      | Bought a potion of might for 48 gold pieces
  5879 | D:7      | Bought a potion of heal wounds for 60 gold pieces
  5879 | D:7      | Bought a potion of curing for 36 gold pieces
  5879 | D:7      | Bought a potion of mutation for 96 gold pieces
  5923 | D:7      | Found a sacrificial altar of Ru.
  5945 | D:7      | Received a gift from Okawaru
  5952 | D:7      | Reached skill level 1 in Throwing
  6251 | D:7      | Found a stormy altar of Qazlal.
  6477 | D:7      | Found a staircase to the Ecumenical Temple.
  6536 | D:8      | Found a bloodstained altar of Trog.
  6637 | D:8      | Reached skill level 5 in Invocations
  6639 | D:8      | Reached **** piety under Okawaru
  6644 | D:8      | Reached skill level 5 in Long Blades
  6718 | D:8      | Received a gift from Okawaru
  6998 | D:8      | Reached XP level 10. HP: 66/88 MP: 13/13
  7770 | D:9      | Found a staircase to the Lair.
  8255 | D:9      | Noticed Erolcha
  8268 | D:9      | Killed Erolcha
  8268 | D:9      | Reached ***** piety under Okawaru
  9109 | D:10     | Entered Level 10 of the Dungeon
  9275 | D:10     | Noticed a two-headed ogre
  9283 | D:10     | Killed a two-headed ogre
  9283 | D:10     | Received a gift from Okawaru
  9284 | D:10     | Reached skill level 10 in Armour
  9491 | D:10     | Noticed a gargoyle
  9510 | D:10     | Killed a gargoyle
  9511 | D:10     | Reached XP level 11. HP: 62/99 MP: 15/15
  9720 | D:10     | Reached skill level 10 in Fighting
 10121 | D:10     | Noticed Erica
 10135 | D:10     | Killed Erica
 10320 | D:10     | Gained mutation: You expend magic power (3 MP) to
                  | strengthen your wands. [potion of mutation]
 10320 | D:10     | Gained mutation: You passively map a small area around you.
                  | [potion of mutation]
 10476 | D:11     | Noticed a two-headed ogre
 10486 | D:11     | Killed a two-headed ogre
 10486 | D:11     | Identified the +7 long sword "Loplow" {spect, rF+ rC- MP+9
                  | Str+4} (Okawaru gifted it to you on level 11 of the
                  | Dungeon)
 10486 | D:11     | Received a gift from Okawaru
 11137 | D:11     | Noticed Grum
 11455 | D:11     | Killed Grum
 11499 | D:11     | Found a staircase to the Orcish Mines.
 11983 | D:11     | Identified the +2 pair of gloves "Qeetak" {rN+ Regen+ SInv}
                  | (Okawaru gifted it to you on level 11 of the Dungeon)
 11983 | D:11     | Received a gift from Okawaru
 11984 | D:11     | Reached skill level 5 in Dodging
 12105 | D:11     | Noticed a purple ugly thing
 12114 | D:11     | Killed a purple ugly thing
 12334 | D:12     | Noticed a seven-headed hydra
 12343 | D:12     | Killed a two-headed hydra
 12490 | D:12     | Noticed a soul eater
 12513 | D:12     | Reached XP level 12. HP: 98/110 MP: 17/17
 12551 | D:12     | Noticed Lodul
 12575 | D:12     | Killed Lodul
 12576 | D:12     | Reached skill level 10 in Long Blades
 12671 | D:12     | Noticed a boulder beetle
 12688 | D:12     | Killed a boulder beetle
 12688 | D:12     | Reached ****** piety under Okawaru
 13363 | D:13     | Noticed a centaur warrior
 13370 | D:13     | Killed a centaur warrior
 13431 | D:13     | Identified the +1 plate armour of Fothex {Dex+4 Slay-3}
                  | (Okawaru gifted it to you on level 13 of the Dungeon)
 13431 | D:13     | Received a gift from Okawaru
 13585 | D:13     | Noticed a centaur warrior
 13593 | D:13     | Killed a centaur warrior
 13804 | D:13     | Noticed Rupert
 13807 | D:13     | Paralysed by Rupert for 3 turns
 13821 | D:13     | Killed Rupert
 13919 | D:13     | Found a portal to a secret trove of treasure.
 14416 | D:14     | Found a gate to the Vaults.
 14416 | D:14     | Noticed a centaur warrior
 14416 | D:14     | Noticed a six-headed hydra
 14416 | D:14     | Noticed a vault guard
 14416 | D:14     | Noticed a vault guard
 14416 | D:14     | Noticed a boulder beetle
 14416 | D:14     | Noticed a vault guard
 14416 | D:14     | Noticed a vault guard
 14452 | D:13     | Killed a three-headed hydra
 14453 | D:13     | Reached skill level 10 in Shields
 14457 | D:13     | Killed a vault guard
 14458 | D:13     | Killed a centaur warrior
 14550 | D:13     | Killed a vault guard
 14551 | D:13     | Reached XP level 13. HP: 73/117 MP: 19/19
 14728 | D:14     | Received a gift from Okawaru
 14874 | D:14     | Paralysed by a hornet for 3 turns
 14979 | D:14     | Reached skill level 5 in Evocations
 15067 | D:14     | Found a radiant altar of Vehumet.
 15492 | D:15     | Entered Level 15 of the Dungeon
 15585 | D:15     | Reached skill level 10 in Invocations
 15882 | D:15     | Found a staircase to the Depths.
 15930 | D:15     | Identified the +9 ring mail "Zeis" {Regen+}
 15946 | D:15     | Found Muumompu's Armour Shop.
 16705 | Lair:1   | Entered Level 1 of the Lair of Beasts
 16705 | Lair:1   | Found a runed translucent gate.
 16705 | Lair:1   | Found a runed translucent gate.
 16706 | Lair:1   | Found a runed translucent gate.
 16814 | Lair:1   | Noticed Maggie
 16824 | Lair:1   | Killed Maggie
 17010 | Lair:1   | Noticed Nergalle
 17019 | Lair:1   | Killed Nergalle
 17100 | Lair:1   | Received a gift from Okawaru
 17248 | Lair:1   | Noticed funnyparkerb's ghost (journeyman DjFE)
 17550 | Lair:1   | Found a burning altar of Makhleb.
 17804 | Lair:1   | Killed funnyparkerb's ghost
 17846 | Lair:2   | Found a staircase to the Snake Pit.
 17853 | Lair:2   | Reached XP level 14. HP: 127/127 MP: 20/20
 17856 | Lair:2   | Identified the +1 hat of Fawnof {rElec} (Okawaru gifted it
                  | to you on level 2 of the Lair of Beasts)
 17856 | Lair:2   | Received a gift from Okawaru
 18312 | Lair:2   | Got the Parchment of the Ground and Hypothermia
 18374 | Lair:2   | Found a burning altar of Makhleb.
 18908 | Lair:3   | Identified the +6 trident of Anxiety {freeze, rElec Str+6
                  | Int-4 SInv}
 19509 | Lair:3   | Found a staircase to the Shoals.
 19902 | Lair:4   | Noticed Josephine
 19906 | Lair:4   | Received a gift from Okawaru
 19907 | Lair:4   | Found a viscous altar of Jiyva.
 19919 | Lair:4   | Found a staircase to the Slime Pits.
 19939 | Lair:4   | Killed Josephine
 20632 | Lair:5   | Entered Level 5 of the Lair of Beasts
 20880 | Lair:5   | Reached XP level 15. HP: 136/136 MP: 22/22
 21025 | Lair:5   | Received a gift from Okawaru
 21685 | Lair:5   | Received a gift from Okawaru
 21686 | Lair:5   | Reached skill level 5 in Stealth
 22396 | Orc:1    | Entered Level 1 of the Orcish Mines
 22908 | Orc:1    | Found Loysokh's Weapon Boutique.
 22977 | Orc:1    | Found a shimmering blue altar of Sif Muna.
 23031 | Orc:2    | Entered Level 2 of the Orcish Mines
 23215 | Orc:2    | Found a staircase to the Elven Halls.
 23631 | Orc:2    | Received a gift from Okawaru
 23736 | Orc:2    | Received a gift from Okawaru
 23980 | Orc:2    | Found Huadayng's Antique Armour Emporium.
 23980 | Orc:2    | Found Ruimp's Distillery.
 23981 | Orc:2    | Found Pavuiz's Antique Weapon Emporium.
 23981 | Orc:2    | Found Gaastueg's Weapon Shoppe.
 23989 | Orc:2    | Bought a distressingly furry leather armour for 112 gold
                  | pieces
 23989 | Orc:2    | Identified the +3 leather armour "Pauguohe" {rElec SInv}
                  | (You bought it in a shop on level 2 of the Orcish Mines)
 24005 | Orc:2    | Bought a potion of haste for 150 gold pieces
 24005 | Orc:2    | Bought a potion of invisibility for 120 gold pieces
 24005 | Orc:2    | Bought a potion of resistance for 150 gold pieces
 24005 | Orc:2    | Bought 2 potions of haste for 300 gold pieces
 24005 | Orc:2    | Bought a potion of heal wounds for 75 gold pieces
 24241 | Depths:1 | Entered Level 1 of the Depths
 24247 | Depths:1 | Noticed a frost giant
 24258 | D:15     | Killed a frost giant
 24298 | Depths:1 | Reached XP level 16. HP: 146/146 MP: 24/24
 24376 | Depths:1 | Found a one-way gate leading to the halls of Pandemonium.
 24389 | Depths:1 | Found a runed translucent gate.
 24500 | Depths:1 | Noticed a sphinx
 24519 | Depths:1 | Killed a sphinx
 24524 | Depths:1 | Identified the +5 ring mail of the Sun {rN++ SInv} (Okawaru
                  | gifted it to you on level 1 of the Depths)
 24524 | Depths:1 | Received a gift from Okawaru
 24553 | Depths:1 | Found a one-way gateway to a ziggurat.
 24599 | Depths:1 | Killed from afar by a frost giant

Illustrated notes

Levels and vault maps discovered:
D:1:      dpeg_arrival_arbitrary_c, layout_basic, minmay_tetromino_o4
D:2:      layout_basic, uniq_crazy_yiuf_cottage
D:3:      layout_basic, evilmike_ruin_ashenzari, mainiacjoe_overflow_alcove_4,
          minitemple
D:4:      layout_rooms, kennysheep_generic_room_4
D:5:      layout_cave_pools, grunt_temple_overflow_magic_moments,
          gammafunk_ghost_grave, minmay_circle_x, uniq_grinder, uniq_pikel,
          uniq_eustachio
D:6:      layout_rooms, xom_teletrap_fun, hex_large
D:7:      layout_rooms, lemuel_tele_altar, mainiacjoe_overflow_tiny_flanked,
          kennysheep_mini, minmay_temple_entry_hall, serial_shops, shop,
          uniq_duvessa
D:8:      layout_rooms, mainiacjoe_overflow_boulevard
D:9:      layout_stronghold, david_lair_shrubbed, uniq_erolcha
D:10:     layout_gridville, uniq_erica
D:11:     layout_basic, erik_orc_4, uniq_grum
D:12:     layout_cave_pods, uniq_lodul
D:13:     layout_grid_maze, nicolae_trove_entry_crystal, uniq_rupert
D:14:     layout_irregular_city, lightli_vaults_fourway_checkpoint,
          chequers_decorated_corner, nicolae_vehumet_altar_sigil
D:15:     grunt_enter_depths_magical_seal, layout_loops_corners, serial_shops,
          shop_coins
Lair:1:   layout_small_grid, ebering_ghost_rock_garden, st_stairs_9,
          lemuel_centaur_altar, infiniplex_staircase_pool_2, uniq_nergalle,
          uniq_maggie
Lair:2:   layout_misc_corridors, minmay_snake_entry_six_corridors, basic_altar
Lair:3:   layout_small_grid, shoals_dummy_entry
Lair:4:   layout_concentric_octagons, minmay_slime_entry_jelly_boxes,
          lemuel_fruit_tree, uniq_josephine
Lair:5:   grunt_lair_end_beastmaster, layout_regular_city,
          chequers_serial_rivers_micro_c, grunt_megastairs_2
Orc:1:    layout_caves, serial_shops, nicolae_shop_bloodbath_and_beyond,
          kennysheep_orc_sif_temple
Orc:2:    st_orc_pillars, layout_caves
Depths:1: layout_roguey, enter_ziggurat_c,
          ploomutoo_gammafunk_ghost_potion_laboratory, hellmouth_1, pan_entry,
          tso_altar

Skill      XL: |  1  2  3  4  5  6  7  8  9 10 11 12 13 14 15 16 |
---------------+-------------------------------------------------+-----
Fighting       | 4 5 6 7 8 9 11 12 13 14 | 14.1
Dodging        | 1 2 3 4 5 6 8 9 |  9.8
Armour         | 4 5 6 8 9 10 11 | 11.1
Shields        | 4 5 6 7 8 10 11 12 14 | 14.6
Axes           | 3 |  3.1
Short Blades   | 1 2 3 |  3.3
Invocations    | 2 4 5 7 8 9 10 11 12 | 12.4
Stealth        | 1 2 3 4 5 6 |  6.0
Evocations     | 1 2 4 6 7 8 9 |  9.0
Long Blades    | 2 5 7 9 11 12 14 | 14.7
Throwing       | 1 2 |  2.0

Action                   |  1- 3 |  4- 6 |  7- 9 | 10-12 | 13-15 | 16-18 || total
-------------------------+-------+-------+-------+-------+-------+-------++-------
Melee: War axe           |    37 |       |       |       |       |       ||    37
       Headbutt          |     8 |    14 |    41 |    98 |   370 |    16 ||   547
       Dagger            |    31 |    82 |    61 |       |       |       ||   174
       Falchion          |       |       |   172 |   192 |    18 |       ||   382
       Long sword        |       |       |       |   235 |  1161 |    48 ||  1444
       Scimitar          |       |       |       |    11 |    53 |       ||    64
Throw: Dart              |       |     1 |     2 |     5 |     1 |       ||     9
       Javelin           |       |       |       |     4 |     2 |       ||     6
Invok: Heroism           |       |       |     1 |     5 |     9 |     1 ||    16
       Finesse           |       |       |       |     1 |       |       ||     1
Evoke: Wand              |       |     6 |     4 |    11 |     9 |     1 ||    31
       Tin of tremorston |       |       |       |       |     2 |       ||     2
  Use: Scroll            |     2 |     3 |     7 |    12 |    10 |       ||    34
       Potion            |       |       |     1 |    13 |       |     1 ||    15
 Stab: Distracted        |       |       |       |     5 |    24 |       ||    29
       Invisible         |       |       |       |     1 |       |       ||     1
       Sleeping          |       |       |       |       |     4 |       ||     4
       Petrified         |       |       |       |       |    27 |       ||    27
Armor: Scale mail        |    36 |    25 |   103 |    61 |       |       ||   225
       Acid dragon scale |       |       |       |   137 |    49 |       ||   186
       Swamp dragon scal |       |       |       |       |   381 |       ||   381
       Ring mail         |       |       |       |       |    87 |    20 ||   107
Dodge: Dodged            |    24 |    38 |    99 |   208 |   512 |     8 ||   889
Block: Buckler           |    14 |    19 |    41 |       |       |       ||    74
       Kite shield       |       |       |    11 |   289 |  1130 |    28 ||  1458
       Reflection        |       |       |       |       |    25 |       ||    25
